 Dungeon Crawl Stone Soup version 0.31.0-11-ge490571c62 (webtiles) character file.

Game seed: 8020807267813740357

90 qw the Shooter (level 4, 0/22 HPs)
             Began as a Spriggan Hunter on Feb 3, 2024.
             Slain by a gnoll
             ... wielding a +0 spear
             ... led by a gnoll bouda
              (7 damage)
             ... on level 3 of the Dungeon.
             The game lasted 00:00:05 (1506 turns).

qw the Shooter (Spriggan Hunter)                    Turns: 1506, Time: 00:00:06

Health: 0/22       AC:  2    Str:  7    XL:     4   Next: 32%
Magic:  5/5        EV: 20    Int: 10    God:
Gold:   141        SH:  5    Dex: 20    Spells: 3/3 levels left

rFire   . . .        a - +0 shortbow
rCold   . . .        (shield currently unavailable)
rNeg    . . .        c - +0 robe
rPois   .            (helmet restricted)
rElec   .            (no cloak)
rCorr   .            (gloves unavailable)
SInv    +            (boots unavailable)
Will    .....        d - amulet of reflection
Stlth   ++           (no ring)
HPRegen 0.23/turn    (no ring)
MPRegen 0.09/turn

%: reflection
@: weakened, very quick
A: very small, no large weapons, unfitting armour, see invisible, speed 3
a: no special abilities


You were on level 3 of the Dungeon.
You visited 1 branch of the dungeon, and saw 3 of its levels.

You collected 141 gold pieces.


Innate Abilities, Weirdness & Mutations

You are very small and have problems with some larger weapons.
You are too small for most types of armour.
You have supernaturally acute eyesight. (SInv)
You cover ground extremely quickly. (Speed+++)


   Skills:
 - Level 1.5 Fighting
 - Level 5.0 Ranged Weapons
 + Level 4.8 Dodging
 - Level 1.5 Stealth


You had 3 spell levels left.
You didn't know any spells.
Your spell library was empty.

Inventory:

Hand Weapons
 a - a +0 shortbow (weapon)
Armour
 c - a +0 robe (worn)
Jewellery
 d - an amulet of reflection (around neck)
Scrolls
 b - a scroll of poison {unknown}
Potions
 g - 2 potions of haste
 h - a potion of heal wounds {unknown}
 i - a potion of resistance

Dungeon Overview and Level Annotations

Branches:
Dungeon (3/15)

Altars:
Elyvilon
Yredelemnul


Message History

The plant is lightly damaged.
The gnoll completely misses you. x2
You shoot an arrow. The arrow barely misses the gnoll.
The arrow hits the plant.
The plant is lightly damaged.
The gnoll misses you. The gnoll barely misses you.
You block the gnoll's attack.
You shoot an arrow. The arrow hits the gnoll.
The gnoll is heavily wounded.
A nearby plant withers and dies.
The gnoll closely misses you. x2
The gnoll misses you.
You shoot an arrow. The arrow hits the gnoll.
The gnoll is heavily wounded.
The gnoll hits you from afar with a +0 halberd.
The gnoll misses you. The gnoll completely misses you.
You shoot an arrow. The arrow hits the gnoll!
You kill the gnoll!
A nearby plant withers and dies.
The gnoll misses you.
The gnoll hits you from afar with a +0 spear!
You shoot an arrow. The arrow hits the gnoll bouda.
The gnoll bouda is moderately wounded.
The gnoll closely misses you. x2
You shoot an arrow.
The arrow completely misses the gnoll bouda.
The arrow hits the gnoll.
The gnoll is heavily wounded.
The gnoll closely misses you. The gnoll misses you.
The gnoll bouda gazes fiercely through you!
You feel your attacks grow feeble. The gnoll bouda misses you.
The gnoll barely misses you.
You shoot an arrow. The arrow hits the gnoll bouda.
The gnoll bouda is heavily wounded.
The gnoll completely misses you.
The gnoll bouda gazes fiercely through you!
You feel as though you will be weak longer.
The gnoll closely misses you.
The gnoll hits you from afar with a +0 spear.
You shoot an arrow. The arrow hits the gnoll bouda.
The gnoll bouda is heavily wounded.
You block the gnoll bouda's attack. The gnoll completely misses you.
The gnoll hits you from afar with a +0 spear!
You die...

### #.# ..# ..+ #.# ..#
#.# ...# #.# ..... #
#####.#######....
....####@..............#
(.....)%g###.##..#.#####.
......gg.# #.##..........
.........# #.###.########
.......#.# #.#.......###
P......#.. ..#.........#
PP.+##.#######.........#
P.. .(#...............#
.. .##.#####.........##


You could see a gnoll bouda and 2 gnolls.

Vanquished Creatures
  2 adders (D:2)
  2 gnolls (D:3)
  A dart slug (D:2)
  7 bats
  5 endoplasms
  2 giant cockroaches
  6 goblins
  9 hobgoblins
  4 kobolds
  3 ball pythons
  4 rats
45 creatures vanquished.

Notes
Turn   | Place    | Note
-------+----------+-------------------------------------------
     0 | D:1      | qw the Spriggan Hunter began the quest for the Orb.
     0 | D:1      | Reached XP level 1. HP: 10/10 MP: 2/2
     0 | D:1      | 0 ||| qw: Version: 0.3-a-157-g843a77d
     0 | D:1      | 0 ||| qw: Game counter: 3558
     0 | D:1      | 0 ||| qw: Melee chars always use a shield: true
     0 | D:1      | 0 ||| qw: God list: Okawaru
     0 | D:1      | 0 ||| qw: Allow faded altars: false
     0 | D:1      | 0 ||| qw: Do Orc after clearing Dungeon:15 true
     0 | D:1      | 0 ||| qw: Do second Lair branch before Depths: true
     0 | D:1      | 0 ||| qw: Lair rune preference: random
     0 | D:1      | 0 ||| qw: Goals: Normal
     0 | D:1      | 0 ||| PLANNING D:1-11
    43 | D:1      | Reached skill level 3 in Dodging
   107 | D:1      | Reached XP level 2. HP: 14/14 MP: 3/3
   680 | D:1      | 680 ||| READING scroll labelled YNIOXA ERRIFEIRI.
   680 | D:1      | Identified a scroll of acquirement
   680 | D:1      | 680 ||| ACQUIRING amulet of reflection
   680 | D:1      | Acquired an amulet of reflection
   682 | D:1      | 682 ||| UPGRADING to amulet of reflection.
   687 | D:1      | 687 ||| READING scroll labelled RAM ROACOCWAN.
   687 | D:1      | 687 ||| ENCHANTING +0 shortbow.
   688 | D:1      | 688 ||| DRINKING 3 fuming yellow potions.
   689 | D:1      | 689 ||| DRINKING 2 smoky dark potions.
   690 | D:1      | 690 ||| DROPPING scroll of butterflies.
   748 | D:2      | Reached XP level 3. HP: 18/18 MP: 4/4
  1085 | D:2      | Reached skill level 5 in Ranged Weapons
  1335 | D:2      | 1335 ||| READING scroll labelled TUPHAFUNAE.
  1335 | D:2      | 1335 ||| IDENTIFYING sedimented sapphire potion
  1336 | D:2      | 1336 ||| DROPPING potion of degeneration.
  1374 | D:3      | Found a white marble altar of Elyvilon.
  1439 | D:3      | Found a basalt altar of Yredelemnul.
  1443 | D:3      | Reached XP level 4. HP: 22/22 MP: 5/5
  1494 | D:3      | 1494 ||| RETREEEEATING.
  1506 | D:3      | Slain by a gnoll

Levels and vault maps discovered:
D:1:      dpeg_arrival_orchard, layout_basic, minmay_tall_x
D:2:      layout_loops_ring
D:3:      layout_basic, mainiacjoe_overflow_brackets, elyvilon_altar_3,
          kennysheep_donut, nicolae_grassy_gnolls, uniq_natasha

Skill      XL: |  1  2  3 |
---------------+----------+-----
Dodging        | 3 4 |  4.8
Ranged Weapons | 5 |  5.0
Fighting       | |  1.5
Stealth        | |  1.5

Action                     |  1- 3 |  4- 6 || total
---------------------------+-------+-------++-------
   Fire: Shortbow          |   102 |    22 ||   124
    Use: Scroll            |     3 |       ||     3
         Potion            |     2 |       ||     2
 Armour: Robe              |     5 |     4 ||     9
  Dodge: Dodged            |    16 |    20 ||    36
  Block: Other             |     4 |     4 ||     8
         Reflection        |       |     1 ||     1

Table legend:
 A = Non-vault XP
 B = Vault XP
 C = Vault XP percentage of total XP
 D = Non-vault monster count
 E = Vault monster count
 F = Vault count percentage of total count
                 A         B        C        D         E       F
            +---------+---------+-------+---------+---------+-------
      Total |      93 |      36 |  27.9 |      39 |       6 |  13.3
            +---------+---------+-------+---------+---------+-------
        D:1 |      22 |       7 |  24.1 |      12 |       4 |  25.0
        D:2 |      58 |       0 |   0.0 |      18 |       0 |   0.0
        D:3 |      13 |      29 |  69.0 |       9 |       2 |  18.2
            +---------+---------+-------+---------+---------+-------
